[Event "ICC tourney 2435 (75 10)"]
[Site "Internet Chess Club"]
[Date "2021.03.06"]
[Round "3"]
[White "KURBANOV, ABROR:Abror"]
[Black "WU, JAYDEN:SparkyNinja"]
[Result "0-1"]
[ICCResult "White checkmated"]
[WhiteElo "1635"]
[BlackElo "1679"]
[Opening "Sicilian: Najdorf, Opocensky variation"]
[ECO "B92"]
[NIC "SI.11"]
[Time "20:01:32"]
[PlyCount "126"]
[TimeControl "4500+10"]

1. e4 c5 2. Nf3 d6 3. d4 cxd4 4. Nxd4 Nf6 5. Nc3 a6 6. Be2 e5 7. Nb3 Be7 8.
Bg5 Be6 9. Bxf6 Bxf6 10. Nd5 Nd7 11. O-O O-O 12. Bf3 Rc8 13. c3 Be7 14. Qd3
Nb6 15. Nxe7+ Qxe7 16. Nd2 Rfd8 17. Qe3 Qc7 18. b3 d5 19. exd5 Nxd5 20.
Bxd5 Bxd5 21. c4 Bc6 22. Nf3 f6 23. Rfd1 Rxd1+ 24. Rxd1 Rd8 25. Qe2 Rxd1+
26. Qxd1 Qd7 27. Qxd7 Bxd7 28. Kf1 Kf7 29. Ke2 Ke6 30. Kd3 Bc6 31. Ne1 f5
32. f3 g5 33. Nc2 e4+ 34. Ke2 exf3+ 35. gxf3 Ke5 36. Ne3 h5 37. Nc2 g4 38.
fxg4 hxg4 39. Ne3 Bf3+ 40. Kf2 f4 41. Nc2 Be4 42. Ne1 Kd4 43. Ke2 Kc3 44.
c5 Kb2 45. Nd3+ Bxd3+ 46. Kxd3 Kxa2 47. Ke4 f3 48. Ke3 Kxb3 49. h4 gxh3 50.
Kxf3 Kc4 51. c6 bxc6 52. Kg3 a5 53. Kxh3 a4 54. Kg3 a3 55. Kf3 a2 56. Ke2
a1=Q 57. Kf3 Qd4 58. Ke2 Qd3+ 59. Ke1 Qc2 60. Kf1 Kd3 61. Kg1 Ke3 62. Kh1
Kf3 63. Kg1 Qg2# { White checkmated } 0-1

[Event "ICC tourney 2435 (75 10)"]
[Site "Internet Chess Club"]
[Date "2021.03.06"]
[Round "3"]
[White "ARAVINDAKSHAN, SAHANA:TigerSahi"]
[Black "WANG, LEO Q:wahoo"]
[Result "0-1"]
[ICCResult "White checkmated"]
[WhiteElo "1641"]
[BlackElo "1646"]
[Opening "QGD: Charousek (Petrosian) variation"]
[ECO "D31"]
[NIC "QP.08"]
[Time "20:01:32"]
[PlyCount "128"]
[TimeControl "4500+10"]

1. d4 d5 2. c4 e6 3. Nc3 Be7 4. cxd5 exd5 5. Qc2 Nf6 6. Bf4 c6 7. h3 b5 8.
Nf3 Nbd7 9. Nxb5 cxb5 10. Bc7 Bb4+ 11. Nd2 Bxd2+ 12. Kxd2 Ne4+ 13. Ke1 Qf6
14. e3 Qe7 15. a3 a6 16. f3 Nef6 17. Qd2 O-O 18. Bg3 Re8 19. Bf2 Nb6 20.
Be2 Nc4 21. Bxc4 bxc4 22. Ke2 Nh5 23. Rhe1 Nf4+ 24. Kf1 Nd3 25. Re2 Nxf2
26. Kxf2 Bf5 27. e4 dxe4 28. fxe4 Bxe4 29. Rae1 Qf6+ 30. Kg1 Bc6 31. Rxe8+
Rxe8 32. Rxe8+ Bxe8 33. Qe3 Kf8 34. Qc3 Qe6 35. Kf2 Qf5+ 36. Ke3 Qg5+ 37.
Kf2 Qf4+ 38. Kg1 Bb5 39. a4 Bc6 40. Qxc4 Qe4 41. Qb4+ Ke8 42. Qd2 Bxa4 43.
Qb4 Bc6 44. Qd2 Kd7 45. Qf2 Bd5 46. Kh2 f5 47. Qd2 f4 48. Qf2 Qe3 49. Qxe3
fxe3 50. Kg1 Bc4 51. g3 Kd6 52. Kg2 Kd5 53. Kf3 Kxd4 54. h4 h5 55. b3 Bxb3
56. Ke2 Bc4+ 57. Ke1 a5 58. Kd1 a4 59. Kc2 e2 60. Kd2 a3 61. Ke1 a2 62. Kd2
a1=Q 63. Kc2 Ke3 64. g4 e1=N# { White checkmated } 0-1

[Event "ICC tourney 2435 (75 10)"]
[Site "Internet Chess Club"]
[Date "2021.03.06"]
[Round "3"]
[White "BRUDNO, STEPHEN:StevChess01"]
[Black "MARTINEZ, ABEL:abelMZ084"]
[Result "1/2-1/2"]
[ICCResult "Game drawn by repetition"]
[WhiteElo "1652"]
[BlackElo "1636"]
[Opening "QGD: exchange, positional line"]
[ECO "D35"]
[NIC "QO.16"]
[Time "20:01:28"]
[PlyCount "83"]
[TimeControl "4500+10"]

1. d4 d5 2. c4 e6 3. Nc3 Nf6 4. cxd5 exd5 5. Bg5 Be7 6. e3 O-O 7. Bd3 b6 8.
Qc2 h6 9. Bh4 Bb7 10. Nf3 Ne4 11. Bxe7 Qxe7 12. O-O Nd7 13. Rab1 c5 14. b3
Rac8 15. Bxe4 dxe4 16. Nd2 cxd4 17. exd4 Qb4 18. Nc4 b5 19. a3 Qe7 20. Nxb5
e3 21. fxe3 Be4 22. Qf2 Bxb1 23. Rxb1 Nf6 24. Nbd6 Rc6 25. Qf4 Rd8 26. Nf5
Qc7 27. Qf3 Nd5 28. e4 Nb6 29. Ne5 Rc1+ 30. Rxc1 Qxc1+ 31. Kf2 Qd2+ 32. Kg3
Qg5+ 33. Kh3 Nd7 34. Nc4 Nf6 35. g4 Kf8 36. e5 Nd5 37. Nfd6 Nf4+ 38. Kg3
Nh5+ 39. Kg2 Nf4+ 40. Kg3 Nh5+ 41. Kg2 Nf4+ 42. Kg3 { Game drawn by
repetition } 1/2-1/2

[Event "ICC tourney 2435 (75 10)"]
[Site "Internet Chess Club"]
[Date "2021.03.06"]
[Round "3"]
[White "GOPALAKRISHNAN, KRITIN ROHAN:rokrchess"]
[Black "JIANG, LEO:hi987"]
[Result "1/2-1/2"]
[ICCResult "Game drawn by repetition"]
[WhiteElo "1578"]
[BlackElo "1642"]
[Opening "Sicilian: dragon, Yugoslav attack, 10.O-O-O"]
[ECO "B78"]
[NIC "SI.18"]
[Time "20:01:35"]
[PlyCount "95"]
[TimeControl "4500+10"]

1. e4 c5 2. Nf3 d6 3. d4 cxd4 4. Nxd4 Nf6 5. Nc3 g6 6. Be3 Bg7 7. f3 O-O 8.
Qd2 Nc6 9. Bc4 Bd7 10. O-O-O Qa5 11. Kb1 Rfc8 12. Nb3 Qd8 13. Be2 Be6 14.
g4 Ne5 15. h4 Bc4 16. Bh6 Bxe2 17. Qxe2 Bxh6 18. g5 Nh5 19. gxh6 Ng3 20.
Qg2 Nxh1 21. Rxh1 Qf8 22. Nd5 Rc4 23. f4 Nc6 24. Qe2 Ra4 25. Nc3 Ra6 26.
Nd5 Rc8 27. Qg4 Ra4 28. Nc3 Rc4 29. Qe2 Nb4 30. a3 Na6 31. Rc1 Qxh6 32. Na5
Ra4 33. Nxa4 Qxf4 34. Nxb7 Nc7 35. Rf1 Qxh4 36. Qc4 d5 37. Qc6 Qxe4 38.
Nac5 Qe2 39. Rc1 Qg4 40. Re1 Qf5 41. Rxe7 Qf1+ 42. Ka2 Qc4+ 43. Kb1 Qf1+
44. Ka2 Qc4+ 45. Kb1 Qf1+ 46. Ka2 Qc4+ 47. Kb1 Qf1+ 48. Ka2 { Game drawn by
repetition } 1/2-1/2

[Event "ICC tourney 2435 (75 10)"]
[Site "Internet Chess Club"]
[Date "2021.03.06"]
[Round "3"]
[White "Kashyap, Manish B:mnm2"]
[Black "KATAGI, SAMUEL S:Zugzwischen"]
[Result "0-1"]
[ICCResult "White resigns"]
[WhiteElo "1547"]
[BlackElo "1699"]
[Opening "Caro-Kann: Steinitz variation"]
[ECO "B17"]
[NIC "CK.05"]
[Time "20:07:08"]
[PlyCount "106"]
[TimeControl "4500+10"]

1. e4 c6 2. d4 d5 3. Nc3 dxe4 4. Nxe4 Nd7 5. Qe2 e6 6. Nf3 Ngf6 7. Bg5 Be7
8. g3 h6 9. Bxf6 Nxf6 10. Nxf6+ Bxf6 11. c3 O-O 12. Bg2 Rb8 13. O-O Qc7 14.
Rac1 c5 15. dxc5 Qxc5 16. Rfd1 e5 17. b4 Qe7 18. Rc2 Bd7 19. Rcd2 Ba4 20.
Re1 Rfe8 21. b5 Qc5 22. c4 e4 23. Rd5 Qa3 24. Nd4 Qc3 25. Nf5 Bc2 26. Rc1
Bd3 27. Rxc3 Bxe2 28. Re3 Bxc4 29. Rc5 Bxa2 30. Rxe4 Be6 31. Rf4 Bg5 32.
Ra4 g6 33. Nd4 Bd7 34. h3 a6 35. Ra2 axb5 36. Nxb5 b6 37. Rxg5 hxg5 38. Nd6
Re1+ 39. Kh2 Be6 40. Rb2 Kg7 41. Ne4 g4 42. h4 Bd5 43. Nc3 Bxg2 44. Kxg2
Rc8 45. Na2 Rc6 46. Nb4 Rcc1 47. f3 Rg1+ 48. Kf2 Rcf1+ 49. Ke2 gxf3+ 50.
Ke3 Rg2 51. Rb3 Re2+ 52. Kf4 f5 53. Rxf3 Re4+ { White resigns } 0-1

[Event "ICC tourney 2435 (75 10)"]
[Site "Internet Chess Club"]
[Date "2021.03.06"]
[Round "3"]
[White "GUNN, HAN:Han366"]
[Black "MOERLIEN, PUWIT SKY:SuperBlueSky"]
[Result "1-0"]
[ICCResult "Black checkmated"]
[WhiteElo "1700"]
[BlackElo "1633"]
[Opening "QGD: exchange, positional line, 5...c6"]
[ECO "D35"]
[NIC "QO.16"]
[Time "20:01:41"]
[PlyCount "125"]
[TimeControl "4500+10"]

1. d4 d5 2. c4 e6 3. Nc3 Nf6 4. cxd5 exd5 5. Bg5 c6 6. e3 Be7 7. Bd3 Nbd7
8. Nge2 O-O 9. O-O Re8 10. Qc2 Nf8 11. Rab1 a5 12. Na4 N6d7 13. Bxe7 Qxe7
14. a3 g6 15. Rfc1 Qd6 16. b4 axb4 17. axb4 b5 18. Nc5 Nxc5 19. dxc5 Qc7
20. Ra1 Bd7 21. Nd4 Ne6 22. Nf3 Ng7 23. Qc3 Bf5 24. Be2 Bg4 25. Qf6 Bxf3
26. Bxf3 Qd7 27. g4 Qe6 28. Qd4 Red8 29. Kg2 Re8 30. Rh1 f6 31. Rxa8 Rxa8
32. Ra1 Rxa1 33. Qxa1 Ne8 34. Qa8 Qd7 35. h3 Kg7 36. Qa1 Kg8 37. Qd4 Kf7
38. e4 Nc7 39. exd5 Nxd5 40. Bxd5+ Qxd5+ 41. Qxd5+ cxd5 42. Kf3 Ke6 43. Ke3
Kd7 44. f4 h6 45. Kd4 Kc6 46. h4 h5 47. g5 fxg5 48. fxg5 Kc7 49. Kxd5 Kd7
50. Ke5 Kc6 51. Ke6 Kc7 52. Kf6 Kc6 53. Kxg6 Kd7 54. Kf7 Kc7 55. g6 Kc6 56.
g7 Kb7 57. g8=Q Ka7 58. Qg6 Ka8 59. Ke6 Ka7 60. Kd5 Ka8 61. Qg7 Kb8 62. Kc6
Kc8 63. Qc7# { Black checkmated } 1-0

[Event "ICC tourney 2435 (75 10)"]
[Site "Internet Chess Club"]
[Date "2021.03.07"]
[Round "4"]
[White "LIAO, CONNOR:che2468"]
[Black "BRUDNO, STEPHEN:StevChess01"]
[Result "0-1"]
[ICCResult "White checkmated"]
[WhiteElo "1508"]
[BlackElo "1652"]
[Opening "Queen's pawn game"]
[ECO "D00"]
[NIC "QP.07"]
[Time "13:03:26"]
[PlyCount "46"]
[TimeControl "4500+10"]

1. d4 Nf6 2. Nc3 d5 3. Bf4 Bf5 4. e3 e6 5. f3 Bg6 6. g4 Bd6 7. Bg5 c5 8. h4
Bg3+ 9. Ke2 cxd4 10. Qxd4 Nc6 11. Qa4 h6 12. Bf4 Bxf4 13. Qxf4 Bxc2 14. Nb5
e5 15. Qg3 a6 16. Nc3 d4 17. Nd1 Qb6 18. b3 O-O-O 19. Rc1 Bxd1+ 20. Rxd1
dxe3 21. f4 Nd4+ 22. Ke1 Qb4+ 23. Rd2 Qxd2# { White checkmated } 0-1

[Event "ICC tourney 2435 (75 10)"]
[Site "Internet Chess Club"]
[Date "2021.03.07"]
[Round "4"]
[White "ANANTH, ANANYA:Ananya22609"]
[Black "VALE CRUZ, ARMIN:trucker"]
[Result "0-1"]
[ICCResult "White checkmated"]
[WhiteElo "1625"]
[BlackElo "1643"]
[Opening "Scotch: Blumenfeld attack"]
[ECO "C45"]
[NIC "SO.05"]
[Time "13:03:21"]
[PlyCount "48"]
[TimeControl "4500+10"]

1. e4 e5 2. Nf3 Nc6 3. d4 exd4 4. Nxd4 Bc5 5. Be3 Qf6 6. Nb5 Bxe3 7. fxe3
Qh4+ 8. g3 Qxe4 9. Nxc7+ Kd8 10. Nxa8 Nf6 11. Nd2 Qxh1 12. Nf3 d5 13. Nd4
Bh3 14. Qd3 Nxd4 15. O-O-O Bg4 16. exd4 Bxd1 17. Qxd1 Qxh2 18. Qe1 Re8 19.
Qc3 Re7 20. b3 Qg1 21. Qa5+ b6 22. Qa6 Qxd4 23. Bd3 Qa1+ 24. Kd2 Qe1# {
White checkmated } 0-1

[Event "ICC tourney 2435 (75 10)"]
[Site "Internet Chess Club"]
[Date "2021.03.07"]
[Round "4"]
[White "LIAO, CAITLIN:che8642"]
[Black "ROWLAND, OLUROTIMI:ROWLAND"]
[Result "0-1"]
[ICCResult "White checkmated"]
[WhiteElo "1566"]
[BlackElo "1552"]
[Opening "Queen's pawn game"]
[ECO "D00"]
[NIC "QP.07"]
[Time "13:03:33"]
[PlyCount "64"]
[TimeControl "4500+10"]

1. d4 Nf6 2. Nc3 d5 3. Bf4 g6 4. e3 Bg7 5. Be2 O-O 6. Qd2 c5 7. h4 h5 8.
O-O-O Nc6 9. Kb1 Qa5 10. f3 Rd8 11. Qc1 a6 12. Rd2 b5 13. dxc5 e5 14. Bg5
Be6 15. g4 d4 16. exd4 exd4 17. a3 dxc3 18. Rxd8+ Rxd8 19. b3 b4 20. a4
Qxc5 21. Bxa6 Na5 22. Qf4 Nxb3 23. Ne2 Nd4 24. Bxf6 Qd5 25. Nc1 Nxf3 26.
Ka1 Nd2 27. Rh3 Qg2 28. Bxd8 Qxh3 29. Qxb4 Qh1 30. Qa3 Bf8 31. Bb7 Qxb7 32.
Qxc3 Qb1# { White checkmated } 0-1

[Event "ICC tourney 2435 (75 10)"]
[Site "Internet Chess Club"]
[Date "2021.03.07"]
[Round "4"]
[White "LI, EDWARD:ScoutViolet"]
[Black "Kashyap, Manish B:mnm2"]
[Result "1-0"]
[ICCResult "Black resigns"]
[WhiteElo "1647"]
[BlackElo "1547"]
[Opening "Sicilian"]
[ECO "B56"]
[NIC "SI.25"]
[Time "13:03:27"]
[PlyCount "65"]
[TimeControl "4500+10"]

1. e4 c5 2. Nf3 d6 3. d4 cxd4 4. Nxd4 Nf6 5. Nc3 Nc6 6. Be3 Ng4 7. Bg5 Qb6
8. Nd5 Qxd4 9. Qxd4 Nxd4 10. Nc7+ Kd8 11. Nxa8 Nxc2+ 12. Kd2 Nxa1 13. Bd3
Nb3+ 14. axb3 Nxf2 15. Ra1 Nxd3 16. Kxd3 a6 17. Rd1 g6 18. e5 d5 19. Kd4
Be6 20. Nb6 Kc7 21. Kc5 Bg4 22. Nxd5+ Kb8 23. Rd4 e6+ 24. Ne7 Bxe7+ 25.
Bxe7 Bf5 26. Kb6 Rc8 27. Bd6+ Ka8 28. Bc7 g5 29. b4 h5 30. b5 axb5 31. Rd1
Bc2 32. Ra1+ Ba4 33. b3 { Black resigns } 1-0

[Event "ICC tourney 2435 (75 10)"]
[Site "Internet Chess Club"]
[Date "2021.03.07"]
[Round "4"]
[White "TREUSDELL , ROSS:IveDoneEnough"]
[Black "TREY, JUSTIN:Torsten936"]
[Result "0-1"]
[ICCResult "White resigns"]
[WhiteElo "1564"]
[BlackElo "1652"]
[Opening "French: Rubinstein variation"]
[ECO "C10"]
[NIC "FR.07"]
[Time "13:03:16"]
[PlyCount "44"]
[TimeControl "4500+10"]

1. e4 e6 2. d4 d5 3. Nc3 dxe4 4. Nxe4 Nd7 5. Nf3 Ngf6 6. Bd3 Nxe4 7. Bxe4
Nf6 8. Qe2 Qd6 9. O-O Be7 10. b3 Nxe4 11. Qxe4 f5 12. Qd3 O-O 13. a4 b6 14.
Ba3 Qd8 15. Bxe7 Qxe7 16. Rfe1 Qd6 17. Rad1 Bb7 18. Ne5 Rad8 19. f3 Rf6 20.
c4 Rff8 21. Re2 c5 22. dxc5 Qxc5+ { White resigns } 0-1

[Event "ICC tourney 2435 (75 10)"]
[Site "Internet Chess Club"]
[Date "2021.03.07"]
[Round "4"]
[White "MOERLIEN, PUWIT SKY:SuperBlueSky"]
[Black "Kashyap, Mahati B:mnm1"]
[Result "1-0"]
[ICCResult "Black checkmated"]
[WhiteElo "1633"]
[BlackElo "1515"]
[Opening "QGD: Orthodox defense, Rubinstein attack (with Rc1)"]
[ECO "D64"]
[NIC "QO.13"]
[Time "13:03:18"]
[PlyCount "103"]
[TimeControl "4500+10"]

1. d4 Nf6 2. c4 e6 3. Nc3 d5 4. Bg5 Be7 5. Nf3 c6 6. e3 O-O 7. Rc1 Nbd7 8.
Qc2 h6 9. Bh4 Nb6 10. Ne5 Nfd7 11. Bxe7 Qxe7 12. Nxd7 Bxd7 13. cxd5 cxd5
14. Bd3 Rac8 15. O-O Na4 16. Qb3 Nxc3 17. bxc3 Rc7 18. Rc2 Rfc8 19. Rfc1
Qe8 20. Qa3 Ba4 21. Rb2 b6 22. Rb4 b5 23. Qb2 Rb7 24. Rxa4 Rcb8 25. Rb4 a5
26. Rb3 b4 27. cxb4 Rxb4 28. Rxb4 Rxb4 29. Qc2 Rb8 30. g3 g6 31. Qc6 Qe7
32. Qc7 Qe8 33. Qxa5 Ra8 34. Qb5 Qe7 35. Qb2 Ra3 36. Rc3 Ra5 37. Bc2 Qa7
38. Bb3 Rb5 39. Qc1 Kg7 40. Rc5 Rb7 41. Kg2 Qa6 42. Qc2 Qa3 43. e4 dxe4 44.
Qxe4 Rd7 45. Qe5+ Kh7 46. Rc8 g5 47. Bc2+ f5 48. Bxf5+ exf5 49. Qxf5+ Kg7
50. Qxd7+ Kg6 51. Rc6+ Kh5 52. Qh3# { Black checkmated } 1-0

[Event "ICC tourney 2435 (75 10)"]
[Site "Internet Chess Club"]
[Date "2021.03.07"]
[Round "4"]
[White "KURBANOV, ABROR:Abror"]
[Black "ARAVINDAKSHAN, SAHANA:TigerSahi"]
[Result "1-0"]
[ICCResult "Black checkmated"]
[WhiteElo "1635"]
[BlackElo "1641"]
[Opening "Scotch gambit"]
[ECO "C44"]
[NIC "SO.06"]
[Time "13:03:19"]
[PlyCount "61"]
[TimeControl "4500+10"]

1. e4 e5 2. d4 exd4 3. Nf3 Nc6 4. Bc4 Bc5 5. c3 Qe7 6. O-O dxc3 7. Nxc3 Nf6
8. e5 Ng4 9. Bg5 Qf8 10. Nd5 Bb6 11. Qb3 Qc5 12. Nxb6 Qxb6 13. Bxf7+ Kf8
14. Qd5 h6 15. Bh5 g6 16. Bxg6 Ncxe5 17. Nxe5 Nxe5 18. Qxe5 Qxg6 19. Qxh8+
Kf7 20. Bxh6 Qg8 21. Qxg8+ Kxg8 22. Rfe1 b6 23. Re7 Bb7 24. Rae1 Bc6 25.
Rg7+ Kf8 26. Rxd7+ Kg8 27. Rg7+ Kh8 28. Ree7 Rd8 29. Rh7+ Kg8 30. Reg7+ Kf8
31. Rh8# { Black checkmated } 1-0

[Event "ICC tourney 2435 (75 10)"]
[Site "Internet Chess Club"]
[Date "2021.03.07"]
[Round "4"]
[White "WU, JAYDEN:SparkyNinja"]
[Black "PATEL, ARAV:APBrain"]
[Result "1-0"]
[ICCResult "Black checkmated"]
[WhiteElo "1679"]
[BlackElo "1669"]
[Opening "Petrov's defense"]
[ECO "C42"]
[NIC "RG.03"]
[Time "13:03:14"]
[PlyCount "131"]
[TimeControl "4500+10"]

1. e4 e5 2. Nf3 Nf6 3. Nxe5 Nc6 4. Nxc6 dxc6 5. d4 Nxe4 6. Qe2 Qe7 7. f3
Nd6 8. Qxe7+ Bxe7 9. Bd3 O-O 10. O-O Bf6 11. c3 Be6 12. Nd2 Rfe8 13. Ne4
Be7 14. Nc5 b6 15. Nxe6 fxe6 16. Re1 Kf7 17. Bf4 Bf6 18. Re2 Re7 19. a4 h5
20. Be5 Nf5 21. Bxf6 Kxf6 22. Rae1 Rd8 23. Bxf5 Kxf5 24. Re5+ Kf6 25. Rxh5
g6 26. Rhe5 Rd5 27. Kf2 a6 28. f4 b5 29. Rxd5 cxd5 30. axb5 axb5 31. b4 c6
32. Ra1 g5 33. fxg5+ Kxg5 34. Re1 Kf5 35. Re5+ Kf6 36. g4 Kg6 37. h4 Rf7+
38. Kg3 Re7 39. h5+ Kh6 40. Kh4 Kh7 41. g5 Kg7 42. Re3 Re8 43. Kg4 Re7 44.
Kf4 Rf7+ 45. Ke5 Rf5+ 46. Kxe6 Rxg5 47. Kd6 Rxh5 48. Kxc6 Kf6 49. Kxb5 Rh8
50. Kc5 Rd8 51. b5 Rd7 52. Kc6 Rd8 53. b6 Rc8+ 54. Kxd5 Rb8 55. Kc6 Rc8+
56. Kb7 Rf8 57. Ka7 Rf7+ 58. b7 Kg6 59. Ka8 Rf8+ 60. b8=Q Rf6 61. Qg8+ Kf5
62. Rf3+ Ke4 63. Rxf6 Kd3 64. Rf3+ Kc2 65. Qa2+ Kc1 66. Rf1# { Black
checkmated } 1-0

[Event "ICC tourney 2435 (75 10)"]
[Site "Internet Chess Club"]
[Date "2021.03.07"]
[Round "4"]
[White "ZHU, RYAN:Ryan123455"]
[Black "WANG, LEO Q:wahoo"]
[Result "0-1"]
[ICCResult "White checkmated"]
[WhiteElo "1687"]
[BlackElo "1646"]
[Opening "Scotch game"]
[ECO "C45"]
[NIC "SO.05"]
[Time "13:03:32"]
[PlyCount "144"]
[TimeControl "4500+10"]

1. e4 e5 2. Nf3 Nc6 3. d4 exd4 4. Nxd4 Bc5 5. Be3 Qf6 6. c3 Nge7 7. Bc4 Ne5
8. Be2 Qg6 9. O-O d6 10. Bh5 Qxe4 11. Nd2 Qd5 12. Be2 Bxd4 13. cxd4 N5c6
14. Bf3 Qe6 15. Nb3 d5 16. Re1 O-O 17. Bg5 Qd6 18. Nc5 b6 19. Nd3 Be6 20.
Ne5 Nxe5 21. dxe5 Qd7 22. Bxe7 Qxe7 23. Qc2 c5 24. Rad1 Rad8 25. g3 d4 26.
Be4 g6 27. f4 Bg4 28. Rd2 Qe6 29. Rf2 Bf5 30. Bxf5 Qxf5 31. Qxf5 gxf5 32.
Kf1 Kg7 33. Ke2 Rfe8 34. Kd3 Re6 35. b3 f6 36. exf6+ Kxf6 37. Rxe6+ Kxe6
38. Re2+ Kf6 39. a4 Rd7 40. h3 Re7 41. Rxe7 Kxe7 42. g4 Kf6 43. Kc4 fxg4
44. hxg4 h6 45. Kd3 Kg6 46. f5+ Kf6 47. Ke4 Kg5 48. Ke5 d3 49. f6 Kg6 50.
Ke6 d2 51. f7 d1=Q 52. f8=Q Qxg4+ 53. Kd6 Qd4+ 54. Ke6 Qe4+ 55. Kd6 Qd4+
56. Ke6 Qe3+ 57. Kd6 Qxb3 58. Qe8+ Qf7 59. Qe4+ Qf5 60. Qe8+ Kg5 61. Qe1
Qf4+ 62. Kc6 Qxa4+ 63. Kb7 Kf5 64. Qf1+ Ke5 65. Qc1 Qf4 66. Qa1+ Qd4 67.
Qf1 Qd7+ 68. Ka8 Kd6 69. Qf4+ Kc6 70. Qb8 c4 71. Qc7+ Kxc7 72. Kxa7 Qa4# {
White checkmated } 0-1

[Event "ICC tourney 2435 (75 10)"]
[Site "Internet Chess Club"]
[Date "2021.03.07"]
[Round "4"]
[White "VISHWA, SUSHEEL:sushivishwa"]
[Black "ZHANG, FRED:Fredzhang"]
[Result "0-1"]
[ICCResult "White checkmated"]
[WhiteElo "1750"]
[BlackElo "1508"]
[Opening "Giuoco Piano"]
[ECO "C54"]
[NIC "IG.02"]
[Time "13:03:19"]
[PlyCount "160"]
[TimeControl "4500+10"]

1. e4 Nc6 2. Nf3 e5 3. Bc4 Bc5 4. c3 Nf6 5. d4 exd4 6. e5 d5 7. Bb5 Ne4 8.
cxd4 Bb6 9. Be3 O-O 10. Nc3 Nxc3 11. bxc3 Bg4 12. h3 Bf5 13. Bc1 Re8 14.
O-O a6 15. Ba4 Ba5 16. Bxc6 bxc6 17. Ba3 Bxc3 18. Rc1 Ba5 19. Rxc6 Qd7 20.
Rc1 Be4 21. Ng5 Rab8 22. f4 Qf5 23. g4 Qd7 24. f5 h6 25. e6 fxe6 26. fxe6
Rxe6 27. Nxe6 Qxe6 28. Rf2 Qg6 29. Bc5 Rb1 30. Rxb1 Bxb1 31. Qf3 Qe6 32.
Qf8+ Kh7 33. Qe7 Qg6 34. a3 Qd3 35. Kg2 Qb3 36. Qe2 Bg6 37. Rf3 Qb7 38. Kg3
Be4 39. Rf7 Qb3+ 40. Kh2 Qb1 41. Rf1 Qb3 42. Qf2 Qb8 43. Qf8 Qb5 44. Qf2 c6
45. Bd6 Bd2 46. Be5 Be3 47. Qxe3 Qxf1 48. Qg1 Qe2+ 49. Kg3 Qf3+ 50. Kh2
Qxa3 51. h4 Qb2+ 52. Kh3 a5 53. g5 a4 54. gxh6 Qg2+ 55. Qxg2 Bxg2+ 56. Kxg2
a3 57. hxg7 a2 58. Kg3 a1=Q 59. Kg4 Qg1+ 60. Kf4 Qf2+ 61. Kg5 Qg2+ 62. Kf6
Qg6+ 63. Ke7 Kg8 64. Kd7 c5 65. dxc5 Kf7 66. g8=Q+ Qxg8 67. c6 Qe8+ 68. Kd6
Qe6+ 69. Kc5 Qxe5 70. c7 Qxc7+ 71. Kxd5 Qh2 72. h5 Qxh5+ 73. Kd6 Qg6+ 74.
Ke5 Qd3 75. Kf4 Qe2 76. Kf5 Qe3 77. Kg4 Qf2 78. Kg5 Qf3 79. Kh6 Qg4 80. Kh7
Qh5# { White checkmated } 0-1

[Event "ICC tourney 2435 (75 10)"]
[Site "Internet Chess Club"]
[Date "2021.03.07"]
[Round "4"]
[White "HEBBAR, ESHAAN:solveur"]
[Black "GOPALAKRISHNAN, KRITIN ROHAN:rokrchess"]
[Result "1-0"]
[ICCResult "Black resigns"]
[WhiteElo "1611"]
[BlackElo "1578"]
[Opening "Queen's pawn game, Darooha variation "]
[ECO "D02"]
[NIC "QP.09"]
[Time "13:03:18"]
[PlyCount "133"]
[TimeControl "4500+10"]

1. Nf3 d5 2. d4 Nf6 3. g3 c5 4. e3 Nbd7 5. Bg2 e6 6. O-O Be7 7. b3 O-O 8.
Ba3 b6 9. Nbd2 Ba6 10. Re1 Qc7 11. c4 Rfe8 12. cxd5 Nxd5 13. Rc1 Rac8 14.
Ne4 Qb8 15. dxc5 Nxc5 16. Nxc5 Bxc5 17. Bxc5 Rxc5 18. Qd4 Rec8 19. Rxc5
Rxc5 20. Ne5 Qc7 21. h4 h6 22. Rd1 Nc3 23. Qd8+ Kh7 24. Qxc7 Rxc7 25. Rd8
Nxa2 26. Be4+ f5 27. Bg2 Nc1 28. Nd7 Kg6 29. Ne5+ Kf6 30. f4 Nxb3 31. Rf8+
Ke7 32. Rf7+ Kd6 33. Rf8 b5 34. Rd8+ Kc5 35. Nd3+ Kb6 36. Rd6+ Ka5 37. Rxe6
Nc5 38. Nxc5 Rxc5 39. Bf1 Bc8 40. Re7 a6 41. e4 b4 42. e5 b3 43. Bd3 b2 44.
Re8 Rc1+ 45. Kf2 Bd7 46. Rb8 Bb5 47. Bxf5 b1=Q 48. Bxb1 Rxb1 49. Ke3 Rb3+
50. Kd4 Ba4 51. Rf8 Rb7 52. e6 Re7 53. Ke5 Bb3 54. f5 Ba4 55. Kd6 Re8 56.
Rf7 Bc2 57. g4 h5 58. g5 Kb6 59. e7 a5 60. Rf8 Ba4 61. f6 gxf6 62. gxf6 Bb5
63. f7 Rxe7 64. Kxe7 a4 65. Rb8+ Ka5 66. f8=Q a3 67. Qf5 { Black resigns }
1-0

[Event "ICC tourney 2435 (75 10)"]
[Site "Internet Chess Club"]
[Date "2021.03.07"]
[Round "4"]
[White "JIANG, LEO:hi987"]
[Black "ZHANG, SUNNY:AboardBuffalo"]
[Result "1-0"]
[ICCResult "Black resigns"]
[WhiteElo "1642"]
[BlackElo "1650"]
[Opening "Ruy Lopez: 5.O-O"]
[ECO "C78"]
[NIC "RL.12"]
[Time "13:03:17"]
[PlyCount "109"]
[TimeControl "4500+10"]

1. e4 e5 2. Nf3 Nc6 3. Bb5 a6 4. Ba4 Nf6 5. O-O b5 6. Bb3 Bc5 7. Nxe5 Nxe5
8. d4 Bxd4 9. Qxd4 d6 10. f4 Nc6 11. Qd2 O-O 12. a4 Bb7 13. Re1 Re8 14. Qd3
b4 15. a5 Na7 16. e5 dxe5 17. fxe5 Qxd3 18. cxd3 Nd5 19. Nd2 Nf4 20. Rf1 g5
21. Nf3 h6 22. Bxf4 gxf4 23. Rac1 Nb5 24. Rc4 Bd5 25. Rxb4 c5 26. Bxd5 cxb4
27. Bxa8 Rxa8 28. Rc1 Rd8 29. Rc4 b3 30. d4 Rd5 31. Rb4 Kg7 32. Rxb3 Nxd4
33. Nxd4 Rxd4 34. Rb6 Rd5 35. Rxa6 Rd1+ 36. Kf2 Rd2+ 37. Kf3 Rxb2 38. Rb6
Ra2 39. a6 Ra4 40. h3 h5 41. h4 Kf8 42. Rh6 Ke7 43. Rxh5 Rxa6 44. Kxf4 Rg6
45. g4 Kf8 46. Rh8+ Kg7 47. Ra8 Rc6 48. h5 Kh6 49. Kf5 Rc1 50. g5+ Kg7 51.
Ra4 Rf1+ 52. Rf4 Rg1 53. h6+ Kh7 54. Kf6 Kg8 55. h7+ { Black resigns } 1-0

[Event "ICC tourney 2435 (75 10)"]
[Site "Internet Chess Club"]
[Date "2021.03.07"]
[Round "4"]
[White "MARTINEZ, ABRAHAM:Pugnacious"]
[Black "KUMAR, AGRIM:agrimjax1"]
[Result "0-1"]
[ICCResult "White resigns"]
[WhiteElo "1661"]
[BlackElo "1509"]
[Opening "Queen's pawn: Torre attack"]
[ECO "A46"]
[NIC "QP.04"]
[Time "13:03:17"]
[PlyCount "148"]
[TimeControl "4500+10"]

1. d4 Nf6 2. Nf3 e6 3. Bg5 Be7 4. Nbd2 d6 5. e3 Nbd7 6. Be2 a6 7. O-O O-O
8. c4 c5 9. Qc2 h6 10. Bh4 b6 11. Rfd1 Bb7 12. e4 e5 13. d5 Nxd5 14. Bxe7
Nxe7 15. Nf1 Qc7 16. Rd2 Nf6 17. Ng3 Ng6 18. Rad1 Rad8 19. Ne1 Ne7 20. f3
Nc6 21. Qd3 Nd4 22. Nc2 g6 23. h4 h5 24. Qe3 Kh7 25. Qg5 Ng8 26. Bd3 Qe7
27. Qe3 Qxh4 28. Kf2 f6 29. Rh1 Qg5 30. Qe1 Kg7 31. Ne3 Ne7 32. Ne2 Kf7 33.
Ng3 Ke8 34. a3 h4 35. Ne2 f5 36. Nd5 fxe4 37. Bxe4 Nxd5 38. cxd5 Nf5 39.
Kg1 Ne3 40. Qf2 Ng4 41. Qxh4 Qe3+ 42. Kf1 Qxe4 43. Ke1 Qf5 44. fxg4 Qf6 45.
g5 Qf5 46. Ng3 Qf4 47. Qh3 Qxg5 48. Qe6+ Qe7 49. Qxg6+ Qf7 50. Qe4 Qf4 51.
Qg6+ Kd7 52. Rh7+ Kc8 53. Qg7 Qe3+ 54. Ne2 Qf2+ 55. Kd1 Qf1+ 56. Kc2 Qf5+
57. Kb3 Rd7 58. Qxd7+ Qxd7 59. Rxd7 Kxd7 60. Kc3 Rf2 61. Kd3 Rxg2 62. Ke4
Rg7 63. Nc3 Ke7 64. Rf2 Rf7 65. Rh2 Bc8 66. Rg2 Kd7 67. Nd1 Bb7 68. Rg4 Kc7
69. Ne3 b5 70. Nf5 Bxd5+ 71. Kxd5 Rxf5 72. Rg7+ Kb6 73. Kxd6 e4 74. Rc7
Rf6+ { White resigns } 0-1